 Dungeon Crawl Stone Soup version 0.20.0-7-g3b7b877 (webtiles) character file.

46 JeffiDaFish the Shield-Bearer (level 3, -6/23 HPs)
             Began as a Gargoyle Fighter on May 30, 2017.
             Mangled by Terence
             ... wielding a +4 flail of protection
              (7 damage)
             ... on level 2 of the Dungeon.
             The game lasted 00:02:55 (1214 turns).

JeffiDaFish the Shield-Bearer (Gargoyle Fighter)    Turns: 1214, Time: 00:02:55

Health: -6/23      AC: 13    Str: 24    XL:     3   Next: 66%
Magic:  3/3        EV:  7    Int:  8    God:
Gold:   92         SH:  9    Dex: 10    Spells: 2/2 levels left

rFire    . . .     SeeInvis .   e - +3 mace
rCold    . . .     Gourm    .   c - +0 shield
rNeg     + . .     Faith    .   b - +0 scale mail
rPois    ∞         Spirit   .   h - +0 helmet
rElec    +         Reflect  .   (no cloak)
rCorr    .         Harm     .   (no gloves)
MR       .....                  (no boots)
Stlth    ..........             (no amulet)
Regen    0.1/turn               (no ring)
MPRegen  0.1/turn               (no ring)

@: mighty
A: talons 1, yellow scales 1, negative energy resistance 1, electricity
resistance, unbreathing, petrification resistance, rot immunity, AC +3
a: no special abilities


You were on level 2 of the Dungeon.
You were not hungry.

You visited 1 branch of the dungeon, and saw 2 of its levels.

You collected 92 gold pieces.

Inventory:

Hand Weapons
 e - a +3 mace (weapon)
Armour
 b - a +0 scale mail (worn)
 c - a +0 shield (worn)
 h - a +0 helmet (worn)
Comestibles
 a - a royal jelly
 f - a bread ration
 g - 3 chunks of flesh
 i - a meat ration


   Skills:
 + Level 3.5 Fighting
 + Level 2.5 Maces & Flails
 + Level 3.7 Armour
 + Level 0.4 Dodging
 + Level 3.8 Shields


You had 2 spell levels left.
You didn't know any spells.

Dungeon Overview and Level Annotations

Branches:
Dungeon (2/15)

Altars:

Annotations:
D:2 Terence


Innate Abilities, Weirdness & Mutations

You are resistant to torment.
Your stone body is resilient. (AC +3)
You are immune to poison.
You resist negative energy. (rN+)
You are resistant to electric shocks. (rElec)
You can survive without breathing.
You are immune to petrification.
You are immune to rotting.
You have sharp toenails.
You are partially covered in yellow scales. (AC +2)


Message History

Terence hits you but does no damage.
You hit Terence but do no damage. Your kick misses Terence.
Terence is heavily wounded.
You block Terence's attack. Terence barely misses you.
You completely miss Terence.
Terence is heavily wounded.
Terence hits you with a flail of protection.
You closely miss Terence. You claw Terence, but do no damage.
Terence is heavily wounded.
You block Terence's attack.
You hit Terence but do no damage. Your kick misses Terence.
Terence is heavily wounded.
Terence hits you with a flail of protection.
* * * LOW HITPOINT WARNING * * *
You hit Terence.
Terence is severely wounded.
Terence barely misses you.
You feel very mighty all of a sudden.
Terence hits you with a flail of protection!
You die...

#.# #. .# #.#
##.### @g #.# .
..####. ..#
#.#..... #######
#.#.... .......
.....# ####### #
#.#.########
#.#####..........#
#.>(.@@g...#####.#
#..#####...# #.#
###### #.. #####
#.# ...... ....
##.## ...... ####.
#####...####
.##### #r
......#....#
.##### #.
#####...##.#
........# #.
##.###<# ######..#
#.# #.#


You could see Terence and a goblin.

Vanquished Creatures
  A worm (D:2)
  2 dart slugs
  6 bats
  5 goblins
  3 hobgoblins
  7 jackals (D:1)
  A frilled lizard (D:2)
  5 kobolds
  5 rats
35 creatures vanquished.

Notes
Turn   | Place    | Note
-------+----------+-------------------------------------------
     0 | D:1      | JeffiDaFish the Gargoyle Fighter began the quest for the Orb.
     0 | D:1      | Reached XP level 1. HP: 14/14 MP: 1/1
   195 | D:1      | Reached XP level 2. HP: 9/19 MP: 2/2
   498 | D:1      | Reached XP level 3. HP: 17/23 MP: 3/3
   592 | D:1      | Gained mutation: You are partially covered in yellow scales. (AC +2) [potion of mutation]
   592 | D:1      | Gained mutation: You have sharp toenails. [potion of mutation]
  1174 | D:2      | Noticed Terence
  1212 | D:2      | HP: 1/23 [Terence/flail of protection (6)]
  1214 | D:2      | Mangled by Terence

Action                   || total
-------------------------++-------
Melee: Flail             ||    10
       Mace              ||   117
       Kick              ||    18
  Use: Scroll            ||     3
       Potion            ||     5
  Eat: Chunk             ||     1
Armor: Scale mail        ||    91
Dodge: Dodged            ||    42
Block: Shield            ||    82
